 Dungeon Crawl Stone Soup version 0.31.0-2-g5a2aebc5c2 (webtiles) character file.

Game seed: 5909842390157652565

124 Arctor the Shooter (level 5, 0/30 HPs)
             Began as a Kobold Hexslinger on Jan 21, 2024.
             Slain by an ufetubus (2 damage)
             ... on level 3 of the Dungeon.
             The game lasted 00:02:05 (1753 turns).

Arctor the Shooter (Kobold Hexslinger)              Turns: 1753, Time: 00:02:06

Health: 0/30       AC:  3    Str:  6    XL:     5   Next: 30%
Magic:  6/8        EV: 16    Int: 14    God:
Gold:   110        SH:  0    Dex: 19    Spells: 6/8 levels left

rFire   . . .        a - +1 sling
rCold   . . .        (no shield)
rNeg    . . .        c - +0 robe
rPois   .            (no helmet)
rElec   .            (no cloak)
rCorr   .            j - +0 pair of gloves
SInv    .            (no boots)
Will    .....        i - amulet of faith
Stlth   +++          (no ring)
HPRegen 0.25/turn    (no ring)
MPRegen 0.11/turn

%: faith
@: weak-willed, jinxed
A: small, no large weapons, nightstalker 3
a: no special abilities


You were on level 3 of the Dungeon.
You visited 1 branch of the dungeon, and saw 3 of its levels.

You collected 110 gold pieces.

Inventory:

Hand Weapons
 a - a +1 sling (weapon)
Armour
 c - a +0 robe (worn)
 j - a +0 pair of gloves (worn)
Jewellery
 i - an amulet of faith (around neck)
Scrolls
 b - a scroll of poison
 d - a scroll of teleportation
 e - 2 scrolls of immolation
 g - a scroll of revelation {unknown}
 h - 2 scrolls of identify {unknown}
Potions
 f - a potion of enlightenment {unknown}


   Skills:
 + Level 2.2 Fighting
 + Level 3.7 Ranged Weapons
 + Level 3.2 Dodging
 + Level 2.1 Spellcasting
 + Level 3.4 Hexes
 + Level 2.1 Fire Magic


You had 6 spell levels left.
You knew the following spells:

 Your Spells              Type           Power      Damage    Failure   Level
a - Jinxbite              Hex            22%        N/A       9%          2

Your spell library contained the following spells:

 Spells                   Type           Power      Damage    Failure   Level
 Sigil of Binding         Hex            11%        N/A       17%         3
 Inner Flame              Hex/Fire       9%         N/A       22%         3
 Cause Fear               Hex            5%         N/A       50%         4
 Dimensional Bullseye     Hex/Tloc       3%         N/A       75%         4


Dungeon Overview and Level Annotations

Branches:
Dungeon (3/15)

Altars:


Innate Abilities, Weirdness & Mutations

You are small and have problems with some larger weapons.
You are completely attuned to the shadows.


Message History

The ufetubus hits you. The ufetubus closely misses you.
The ball python barely misses you. The ball python constricts you.
Casting: Jinxbite (safe; 9% risk of failure)
Confirm with . or Enter, or press ? or * to list all spells.
You beckon some vexing sprites to accompany your attacks.
You feel your willpower being sapped. The ufetubus barely misses you. x2
The endoplasm hits you but does no damage.
The ball python barely misses you. The ball python constricts you.
You shoot a sling bullet.
The sling bullet closely misses the ufetubus.
The ufetubus slips past you! The ufetubus hits you.
* * * LOW HITPOINT WARNING * * *
The ufetubus misses you.
The endoplasm hits you but does no damage.
The ball python barely misses you. The ball python constricts you.
The ufetubus misses you. The ufetubus closely misses you.
You escape the ball python's grasp.
The ufetubus completely misses you.
The ufetubus hits you but does no damage.
The endoplasm freezes you.
You are frozen.
* * * LOW HITPOINT WARNING * * *
The ufetubus attacks as it pursues you! The ufetubus misses you.
The ufetubus barely misses you.
You shoot a sling bullet. The sling bullet misses the ufetubus.
The sling bullet hits the endoplasm.
The endoplasm is heavily wounded.
A giggling sprite leaps out and makes the endoplasm trip over its own pseudopods.
The endoplasm is almost dead.
The ufetubus hits you.
* * * LOW HITPOINT WARNING * * *
The ufetubus misses you. The ufetubus hits you.
* * * LOW HITPOINT WARNING * * *
The ufetubus closely misses you.
You shoot a sling bullet.
The sling bullet barely misses the ufetubus.
The sling bullet hits the endoplasm.
You kill the endoplasm!
The ufetubus hits you but does no damage.
The ufetubus barely misses you. The ufetubus hits you.
You die...

............#.#.#
.....⌠.###..#.#.#
........#
####.#.#
.......## #.#.#
.......# #.#.#
......## #.#.#
...⌠..# #.#.####
.###...##
#####.#....>
...###@#
..........##
.....#5#
.####.###.#
.......S#
#..##.##
.....⌠.##
#..##... .......#
###..#####
......##
..........
:.....#
#.########
.....## #.
....... ..⌠..#
.#...##


You could see an ufetubus and a ball python.

Vanquished Creatures
  A scorpion (D:2)
  An adder (D:2)
  An ufetubus (D:3)
  A dart slug (D:3)
  A ribbon worm (D:2)
  2 bats (D:1)
  9 endoplasms
  5 goblins
  3 hobgoblins (D:1)
  7 kobolds
  8 ball pythons
  A frilled lizard (D:2)
  7 rats
47 creatures vanquished.

Notes
Turn   | Place    | Note
-------+----------+-------------------------------------------
     0 | D:1      | Arctor the Kobold Hexslinger began the quest for the Orb.
     0 | D:1      | Reached XP level 1. HP: 12/12 MP: 2/2
   188 | D:1      | Reached XP level 2. HP: 16/16 MP: 3/3
   400 | D:1      | Reached XP level 3. HP: 20/20 MP: 5/5
   701 | D:2      | Noticed a scorpion
   710 | D:2      | Killed a scorpion
   711 | D:2      | Reached XP level 4. HP: 12/26 MP: 5/7
   711 | D:2      | Reached XP level 5. HP: 14/30 MP: 5/8
   789 | D:2      | Learned a level 2 spell: Jinxbite
  1753 | D:3      | Slain by an ufetubus

Illustrated notes

Levels and vault maps discovered:
D:1:      grunt_arrival_crossed_arrows, layout_basic
D:2:      layout_rooms, feat_on_display
D:3:      minmay_skewed_foursquare, layout_basic, serial_corexii_hall,
          corexii_hall_statues_x, corexii_hall_statues_s,
          chequers_hall_statues_y, chequers_hall_statues_wall_a,
          hellmonk_ecumenical_altar_watching_god

Skill      XL: |  1  2  3 |
---------------+----------+-----
Ranged Weapons | 3 |  3.7
Fighting       | 2 |  2.2
Dodging        | 3 |  3.2
Spellcasting   | 2 |  2.1
Fire Magic     | 2 |  2.1
Hexes          | |  3.4

Action                     |  1- 3 |  4- 6 || total
---------------------------+-------+-------++-------
   Fire: Sling             |    73 |    52 ||   125
   Cast: Jinxbite          |       |     1 ||     1
    Use: Potion            |     1 |       ||     1
         Scroll            |       |     2 ||     2
 Armour: Robe              |    15 |    29 ||    44
  Dodge: Dodged            |    30 |    49 ||    79
